 Dungeon Crawl Stone Soup version 0.31.0-12-g77e489cdc1 (webtiles) character file.

Game seed: 3496279278207165310

38 PaiMei the Grave Robber (level 3, -4/26 HPs)
             Began as a Demonspawn Necromancer on Feb 9, 2024.
             Killed from afar by an orc wizard (6 damage)
             ... with a puff of flame
             ... on level 2 of the Dungeon on Feb 11, 2024.
             The game lasted 00:02:34 (1556 turns).

PaiMei the Grave Robber (Demonspawn Necromancer)    Turns: 1556, Time: 00:02:35

Health: -4/26      AC:  3    Str:  8    XL:     3   Next: 25%
Magic:  3/6        EV: 12    Int: 17    God:
Gold:   84         SH:  0    Dex: 13    Spells: 5/6 levels left

rFire   + . .        d - +0 whip
rCold   + . .        (no shield)
rNeg    . . .        a - +0 robe
rPois   .            (no helmet)
rElec   .            m - scarf {rC+ rF+}
rCorr   .            e - +0 pair of gloves
SInv    .            (no boots)
Will    .....        (no amulet)
Stlth   +            (no ring)
HPRegen 0.24/turn    (no ring)
MPRegen 0.10/turn

%: no passive effects
@: confused
A: condensation shield
a: no special abilities


You were on level 2 of the Dungeon.
You visited 1 branch of the dungeon, and saw 2 of its levels.

You collected 84 gold pieces.

Inventory:

Hand Weapons
 d - a +0 whip (weapon)
Armour
 a - a +0 robe (worn)
 e - a +0 pair of gloves (worn)
 j - a +0 cloak
 m - a scarf of resistance (worn)
Scrolls
 c - 2 scrolls of teleportation {unknown}
 f - a scroll of silence {unknown}
 g - a scroll of revelation {unknown}
 h - a scroll of brand weapon {unknown}
 i - a scroll of identify {unknown}
 l - a scroll of fear {unknown}
 n - a scroll of fog {unknown}
 o - a scroll of poison {unknown}
Potions
 b - a potion of magic
 k - 2 potions of mutation {unknown}
 p - a potion of haste {unknown}


   Skills:
 + Level 1.0 Fighting
 + Level 2.2 Dodging
 - Level 2.0 Stealth
 + Level 2.4 Spellcasting
 + Level 4.7 Necromancy


You had 5 spell levels left.
You knew the following spells:

 Your Spells              Type           Power      Damage    Failure   Level
a - Necrotise             Necr           72%        1d7       2%          1

Your spell library contained the following spells:

 Spells                   Type           Power      Damage    Failure   Level
 Vampiric Draining        Necr           18%        2d7       9%          3
 Animate Dead             Necr           18%        N/A       26%         4
 Lesser Beckoning         Tloc           4%         N/A       28%         2
 Gell's Gravitas          Tloc           2%         N/A       50%         3
 Teleport Other           Tloc           2%         N/A       50%         3
 Curse of Agony           Necr           18%        N/A       58%         5


Dungeon Overview and Level Annotations

Branches:
Dungeon (2/15)

Altars:


Innate Abilities, Weirdness & Mutations

A meltable shield of frost defends you. (SH +0)


Message History

Casting: Necrotise (safe; 2% risk of failure)
Confirm with . or Enter, or press ? or * to list all spells.
You can't see any susceptible monsters within range! (Use Z to cast anyway.)
You miss something. Something hits you.
Casting: Necrotise (safe; 2% risk of failure)
Confirm with . or Enter, or press ? or * to list all spells.
You can't see any susceptible monsters within range! (Use Z to cast anyway.)
You barely miss something. Something barely misses you.
Casting: Necrotise (safe; 2% risk of failure)
Confirm with . or Enter, or press ? or * to list all spells.
You can't see any susceptible monsters within range! (Use Z to cast anyway.)
You closely miss something. Something hits you.
Casting: Necrotise (safe; 2% risk of failure)
Confirm with . or Enter, or press ? or * to list all spells.
You can't see any susceptible monsters within range! (Use Z to cast anyway.)
You hit something.
You hear some strange, mumbled words.
A magic dart appears from out of thin air!
The magic dart hits you.
* * * LOW HITPOINT WARNING * * *
Casting: Necrotise (safe; 2% risk of failure)
Confirm with . or Enter, or press ? or * to list all spells.
You can't see any susceptible monsters within range! (Use Z to cast anyway.)
You closely miss something.
You hear some strange, mumbled words.
You are confused.
Something hits you.
* * * LOW HITPOINT WARNING * * *
You're too confused to cast spells.
You miss something. Something hits you.
* * * LOW HITPOINT WARNING * * *
You're too confused to cast spells.
You're too confused to cast spells.
You bump into the rock wall.
You hear some strange, mumbled words.
A puff of flame appears from out of thin air!
The puff of flame hits you.
Your condensation shield dissipates!
You resist.
You die...

... ##...# ... ##..#.#
##'## #...#.# #...#
#...#.# #8.8# ##..##.#
.## #...#
#..###.####... ##.##
#..###.#.....#
#'#####.##...#....#
#.{@....###.##....#
######### #.##...#
#..#...# ##.....###
###...... ###.)..#
##.Z.##.. ###..#####.
############...##.....


There were no monsters in sight!

Vanquished Creatures
  An adder (D:2)
  4 ball pythons
  2 endoplasms (D:1)
  3 giant cockroaches (D:1)
  A goblin (D:1)
  3 hobgoblins (D:1)
  4 kobolds
  A quokka (D:1)
  A bat (D:2)
  4 frilled lizards
  2 rats (D:1)
26 creatures vanquished.

Notes
Turn   | Place    | Note
-------+----------+-------------------------------------------
     0 | D:1      | PaiMei the Demonspawn Necromancer began the quest for the
                  | Orb.
     0 | D:1      | Reached XP level 1. HP: 13/13 MP: 3/3
     0 | D:1      | Upgraded the game from 0.31.0-11-ge490571c62 to
                  | 0.31.0-12-g77e489cdc1
   263 | D:1      | Gained mutation: A meltable shield of frost defends you.
                  | (SH +0) [demonic ancestry]
   263 | D:1      | Reached XP level 2. HP: 7/19 MP: 0/5
  1369 | D:2      | Reached XP level 3. HP: 23/25 MP: 1/6
  1457 | D:2      | Reached skill level 1 in Fighting
  1526 | D:2      | Found the +1 Delatra's gloves {ID++}
  1556 | D:2      | Killed from afar by an orc wizard

Illustrated notes

Levels and vault maps discovered:
D:1:      scummos_arrival_simple_crosswalls, layout_loops_corners
D:2:      layout_rooms, pf_guarded_unrand_delatra

Skill      XL: |  1  2  3 |
---------------+----------+-----
Dodging        | 2 |  2.2
Stealth        | 2 |  2.0
Fighting       | 1 |  1.0
Spellcasting   | |  2.4
Necromancy     | |  4.7

Action                     || total
---------------------------++-------
  Melee: Whip              ||    20
         Unarmed           ||     6
   Cast: Necrotise         ||    50
 Armour: Robe              ||    26
  Dodge: Dodged            ||    16
